cohdb
Replays
Latest Replays
All Replays
Popular Replays
Top Player Replays
Match Explorer
How It Works
Community
CoH3 Stats
Reddit
Sign in to upload your games and track your stats! →
Sign in with Steam
Match 37985271
Unlisted
Match 37985271
Overview
Messages
Build Orders
End
Construct Section Command Post
Selects Australian Defense Battlegroup
Selects Australian Light Infantry Section
Australian Light Infantry Section
Infantry Section
ML 3-inch Mortar Team
Infantry Section
Vickers Machine Gun Team
Construct Platoon Command Post
Bee
C. Troy
vonMises
Mael Radec
0
0
Comments
sign in to comment!
No comments posted yet!